cohdb
Replays
Latest Replays
All Replays
Popular Replays
Top Player Replays
Match Explorer
How It Works
Community
CoH3 Stats
Reddit
Sign in to upload your games and track your stats! →
Sign in with Steam
Match 24358570
Unlisted
Match 24358570
Overview
Messages
Build Orders
End
Panzergrenadier Squad
Selects Armored Support Battlegroup
Selects Armored Support Battlegroup
250 Light Carrier
Panzergrenadier Squad
Construct Light Support Kompanie
Fire Support Elements
Flakvierling Half-track
2.5-tonne Medical Truck
Selects Superior Fire Drills
Construct Panzerarmee Kommand
le.IG 18 Mechanized Group
Selects Flammpanzer III Medium Tank Sd.Kfz. 141
Panzer III L Medium Tank
Panzer III L Medium Tank
Flammpanzer III Medium Tank
Armored Reserves
Combat Half-tracks
rudyrydz
CH-WZT
Jazzzzy
MINK IS GOLD
Pidjon Cleric
dez
Medici
Butterfly dog
0
0
Comments
sign in to comment!
No comments posted yet!